 Dungeon Crawl Stone Soup version 0.17-a0-1020-ge683cc4 (console) character file.

256 Monkaria the Slasher (level 5, 0/41 HPs)
             Began as a Demonspawn Chaos Knight on May 14, 2015.
             Slain by a giant cockroach (2 damage)
             ... on level 4 of the Dungeon.
             The game lasted 00:03:58 (2646 turns).

Monkaria the Slasher (Demonspawn Chaos Knight)      Turns: 2646, Time: 00:03:58

Health: 0/41       AC:  5    Str: 13    XL:     5   Next: 92%
Magic:  5/5        EV: 11    Int: 13    God:    Xom [*.....]
Gold:   187        SH:  0    Dex: 13    Spells: 0 memorised, 4 levels left

rFire  . . .     SeeInvis .     v - +2 great sword (chaos)
rCold  . . .     Clarity  .     b - +2 leather armour
rNeg   . . .     SustAb   .     (no shield)
rPois  .         Gourm    .     (no helmet)
rElec  .         Spirit   .     (no cloak)
rCorr  .         Warding  .     (no gloves)
rMut   .         Stasis   .     (no boots)
MR     .....                    (no amulet)
Stlth  +.........               (no ring)
                                (no ring)

@: exhausted, slowed, very slow, not resistant to hostile enchantments, very
unstealthy
A: hooves 1
a: Renounce Religion


You were on level 4 of the Dungeon.
You worshipped Xom.
You were a special plaything of Xom.
You were hungry.

You visited 1 branch of the dungeon, and saw 4 of its levels.

You collected 187 gold pieces.

Inventory:

Hand weapons
 a - a +0 falchion of chaos
 v - a +2 great sword of chaos (weapon)
Armour
 b - a +2 leather armour (worn)
Jewellery
 d - an uncursed ring of fire
Magical devices
 n - a wand of confusion (18)
Scrolls
 e - 5 scrolls of identify {unknown}
 g - 2 scrolls of immolation {unknown}
 h - a scroll of enchant weapon {unknown}
 i - a scroll of enchant armour {unknown}
 k - a scroll of amnesia {unknown}
 l - a scroll of remove curse {unknown}
 t - 2 scrolls of teleportation {unknown}
 u - a scroll of noise {unknown}
Potions
 f - a potion of brilliance
 o - a potion of lignification
 q - a potion of flight
 s - a potion of ambrosia {unknown}
Comestibles
 c - 3 bread rations
 j - a slice of pizza
 m - 2 chunks of flesh


   Skills:
 - Level 3.0 Fighting
 * Level 6.1 Long Blades
 - Level 1.7 Armour
 - Level 0.8 Dodging


You had 4 spell levels left.
You didn't know any spells.

Dungeon Overview and Level Annotations

Branches:
Dungeon (4/15)
 Temple: D:4-7

Altars:
Trog


Innate Abilities, Weirdness & Mutations

You have large cloven feet.


Message History

* * * LOW HITPOINT WARNING * * *
The adder bites you but does no damage.
A giant cockroach comes into view.
You completely miss the adder.
The adder is severely wounded.
The adder bites you but does no damage. The adder barely misses you.
The adder bites you but does no damage.
You closely miss the adder.
The adder is severely wounded.
The adder bites you but does no damage. x2
You hit the adder. You burn the adder.
You kill the adder!
You feel less woody.
Your +2 leather armour unmelds from your body.
The giant cockroach barely misses you.
You barely miss the giant cockroach. The giant cockroach barely misses you.
The giant cockroach bites you but does no damage.
The giant cockroach bites you.
You die... "It was about time."

##..........
####.....(.......
...#.............
#...............
#..............
##.....$........
#...............
#.....†........#
#......s@.....#
##...#####..###
#.... .# #... #
#...# .... ...


You could see a giant cockroach.

Vanquished Creatures
  A hound (D:3)
  2 orc priests (D:3)
  A worker ant (D:3)
  A river rat (D:4)
  5 adders
  An ooze (D:2)
  3 worms
  A giant gecko (D:3)
  9 orcs (D:3)
  7 bats
  6 giant cockroaches
  8 goblins
  7 hobgoblins
  4 jackals (D:1)
  3 kobolds
  4 ball pythons
  3 giant newts
  A quokka (D:2)
  5 rats
72 creatures vanquished.

Vanquished Creatures (collateral kills)
  A rat (D:3)
1 creature vanquished.

Vanquished Creatures (others)
  2 rats (D:3)
2 creatures vanquished.

Grand Total: 75 creatures vanquished

Notes
Turn   | Place    | Note
--------------------------------------------------------------
     0 | D:1      | Monkaria the Demonspawn Chaos Knight began the quest for the Orb.
     0 | D:1      | Reached XP level 1. HP: 18/18 MP: 1/1
    40 | D:1      | XOM: silly message
    86 | D:1      | Gained mutation: You have large cloven feet. [demonic ancestry]
    86 | D:1      | Reached XP level 2. HP: 21/24 MP: 2/2
   645 | D:2      | Reached XP level 3. HP: 29/29 MP: 3/3
   714 | D:2      | Reached skill level 4 in Long Blades
   927 | D:2      | HP: 1/29 [poisoned by an adder]
  1012 | D:2      | XOM: harmless Chrm miscast
  1100 | D:2      | XOM: harmless Erth miscast
  1173 | D:2      | XOM: divination: detect creatures
  1359 | D:2      | XOM: divination: detect creatures
  1363 | D:2      | XOM: silly message
  1378 | D:2      | XOM: divination: detect creatures
  1558 | D:3      | Reached XP level 4. HP: 27/35 MP: 4/4
  1703 | D:3      | Reached skill level 5 in Long Blades
  1843 | D:3      | Reached XP level 5. HP: 30/41 MP: 5/5
  2030 | D:3      | XOM: mild Tloc miscast
  2031 | D:3      | Noticed a spatial vortex
  2244 | D:3      | XOM: chaos cloud
  2248 | D:3      | Paralysed by you for 5 turns
  2326 | D:3      | XOM: god gift: runed great sword {god gift}
  2471 | D:3      | Noticed a moth of wrath
  2473 | D:3      | XOM: cast spell 'Summon Ice Beast'
  2474 | D:3      | Found a bloodstained altar of Trog.
  2476 | D:3      | XOM: destruction
  2482 | D:3      | XOM: summons friendly ufetubus
  2500 | D:3      | XOM: enchant monster (good)
  2548 | D:4      | XOM: summons 5 hostile shadow creatures
  2549 | D:4      | Noticed an ogre
  2549 | D:4      | XOM: butterfly on damage
  2605 | D:3      | XOM: noise
  2608 | D:3      | Reached skill level 6 in Long Blades
  2635 | D:4      | HP: 3/61 [river rat (2)]
  2641 | D:4      | HP: 2/61 [adder (3)]
  2646 | D:4      | Slain by a giant cockroach

Vault maps used:
D:1:      co_arrival_square_in_a_square_in_a_square
D:3:      tgw_trog, first_bread, kennysheep_generic_room_2
D:4:      nicolae_ossuary_entry_ruins, portal_sewer_entry_b,
          cheibrodos_ashenzari_chains, uniq_natasha

Action                   |  1- 3 |  4- 6 || total
-------------------------+-------+-------++-------
Melee: Falchion          |   127 |    70 ||   197
       Great sword       |       |    42 ||    42
  Use: Potion            |     1 |     5 ||     6
 Stab: Paralysed         |     1 |       ||     1
  Eat: Chunk             |     2 |     4 ||     6
